 Dungeon Crawl Stone Soup version 0.22-b1-26-g9dbaab1 (webtiles) character file.

14 zishaf the Insei (level 2, 0/21 HPs)
             Began as a Vampire Transmuter on Aug 8, 2018.
             Slain by an adder (1 damage)
             ... on level 2 of the Dungeon.
             The game lasted 00:02:49 (1005 turns).

zishaf the Insei (Vampire Transmuter)               Turns: 1005, Time: 00:02:50

Health: 0/21       AC:  9    Str:  9    XL:     2   Next: 31%
Magic:  5/5        EV:  4    Int: 15    God:
Gold:   39         SH:  0    Dex: 14    Spells: 4/5 levels left

rFire    . . .     SeeInvis +   k - -2 dagger (curse)
rCold    . . .     Gourm    .   (no shield)
rNeg     + . .     Faith    .   e - +0 chain mail
rPois    .         Spirit   .   (no helmet)
rElec    .         Reflect  .   h - +0 cloak
rCorr    .         Harm     .   (no gloves)
MR       .....                  (no boots)
Stlth    ..........             (no amulet)
HPRegen  0.07/turn              (no ring)
MPRegen  0.09/turn              (no ring)

@: lethally poisoned (0 -> -6)
A: fangs 3, see invisible, unbreathing
a: no special abilities


You were on level 2 of the Dungeon.
You were not thirsty.

You visited 1 branch of the dungeon, and saw 2 of its levels.

You collected 39 gold pieces.

Inventory:

Hand Weapons
 g - a +0 hand axe
 k - a cursed -2 dagger (weapon)
Missiles
 a - 27 arrows
Armour
 b - a +0 robe
 e - a +0 chain mail (worn)
 h - a +0 cloak (worn)
Scrolls
 c - a scroll of amnesia {unknown}
Potions
 d - 8 potions of blood
 i - a potion of haste
 j - a potion of curing {unknown}
 l - 2 potions of lignification {unknown}


   Skills:
 + Level 1.3 Fighting
 + Level 2.5 Dodging
 + Level 3.5 Unarmed Combat
 - Level 2.0 Spellcasting
 + Level 2.5 Transmutations


You had 4 spell levels left.
You knew the following spells:

 Your Spells              Type           Power        Failure   Level  Hunger
a - Beastly Appendage     Tmut           #.....       100%        1    #......

Your spell library contained the following spells:

 Spells                   Type           Power        Failure   Level  Hunger
 Spider Form              Tmut/Pois      #.........   100%        3    ###....
 Blade Hands              Tmut           #.........   100%        5    ######.
 Ice Form                 Ice/Tmut       #.......     100%        4    #####..
 Sticks to Snakes         Tmut           #.......     100%        2    ###....


Dungeon Overview and Level Annotations

Branches:
Dungeon (2/15)

Altars:
Xom


Innate Abilities, Weirdness & Mutations

You have razor-sharp teeth.
You have supernaturally acute eyesight. (SInv)
You can survive without breathing.


Message History

You feel sick. The adder bites you. The adder barely misses you.
You hit the adder.
The adder is severely wounded.
The adder bites you but does no damage.
You hit the adder but do no damage.
The adder is severely wounded.
You feel sick. The adder bites you.
You completely miss the adder.
The adder is severely wounded.
The adder bites you but does no damage. The adder bites you.
* * * LOW HITPOINT WARNING * * *
You miss the adder.
The adder is severely wounded.
* * * LOW HITPOINT WARNING * * *
You feel sick. The adder bites you.
* * * LOW HITPOINT WARNING * * *
You miss the adder.
The adder is severely wounded.
The adder bites you.
You die...

## . .# r..
#####.#.....
#..@Sr....#
#.###l#.....
#.<...# ...
####### .


You could see an adder, a quokka and a frilled lizard.

Vanquished Creatures
  4 goblins (D:1)
  2 hobgoblins (D:1)
  2 bats (D:1)
  A frilled lizard (D:1)
  3 kobolds (D:1)
  2 rats (D:1)
14 creatures vanquished.

Notes
Turn   | Place    | Note
-------+----------+-------------------------------------------
     0 | D:1      | zishaf the Vampire Transmuter began the quest for the Orb.
     0 | D:1      | Reached XP level 1. HP: 14/14 MP: 3/3
   186 | D:1      | Reached skill level 1 in Fighting
   211 | D:1      | Found a sparkling altar of Nemelex Xobeh.
   213 | D:1      | Found an opulent altar of Gozag.
   213 | D:1      | Found a blossoming altar of Fedhas.
   215 | D:1      | Found a shimmering altar of Xom.
   215 | D:1      | Found an iron altar of Okawaru.
   215 | D:1      | Found a radiant altar of Vehumet.
   547 | D:1      | Reached XP level 2. HP: 20/21 MP: 5/5
  1004 | D:2      | HP: 1/21 [adder (3)]
  1005 | D:2      | Slain by an adder

Skill      XL: |  1 |
---------------+----+-----
Fighting       | 1 |  1.3
Dodging        | |  2.5
Unarmed Combat | |  3.5
Spellcasting   | |  2.0
Transmutations | |  2.5

Action                   || total
-------------------------++-------
Melee: Unarmed           ||    13
       Hand axe          ||     8
       Bite              ||     4
       Dagger            ||    55
  Use: Potion            ||     4
       Scroll            ||     3
 Stab: Sleeping          ||     2
Armor: Robe              ||     3
       Ring mail         ||    31
       Chain mail        ||    14
Dodge: Dodged            ||    51
